 Dungeon Crawl Stone Soup version 0.30.1-4-g462c640d31 (webtiles) character file.

Game seed: 6786199333094912592

7754 Gorgoleon the Marksspriggan (level 11, -3/50 HPs)
             Began as a Spriggan Hunter on Aug 16, 2023.
             Was a High Priest of Okawaru.
             Killed from afar by an acid dragon (27 damage)
             ... with a splash of acid
             ... on level 10 of the Dungeon.
             The game lasted 00:34:14 (9759 turns).

Gorgoleon the Marksspriggan (Spriggan Hunter)       Turns: 9759, Time: 00:34:14

Health: -3/50      AC:  0    Str:  7    XL:     11   Next: 0%
Magic:  0/15       EV: 18    Int: 17    God:    Okawaru [*****.]
Gold:   590        SH:  0    Dex: 23    Spells: 7/10 levels left

rFire   . . .        a - +1 shortbow (drain)
rCold   . . .        (shield currently unavailable)
rNeg    . . .        c - +1 robe
rPois   .            (helmet restricted)
rElec   .            x - +0 cloak
rCorr   .            (gloves unavailable)
SInv    +            (boots unavailable)
Will    +....        q - amulet of guardian spirit
Stlth   +++          n - +6 ring of intelligence
HPRegen 0.28/turn    (no ring)
MPRegen 0.14/turn

%: guardian spirit
@: corroded, very quick
A: very small, no large weapons, unfitting armour, see invisible, speed 3
a: Renounce Religion, Heroism, Finesse, Duel


You were on level 10 of the Dungeon.
You worshipped Okawaru.
Okawaru was extremely pleased with you.
You visited 2 branches of the dungeon, and saw 11 of its levels.

You collected 672 gold pieces.
You spent 82 gold pieces at shops.

Inventory:

Hand Weapons
 a - a +1 shortbow of draining (weapon)
Armour
 c - a +1 robe (worn)
 x - a +0 cloak (worn)
 B - the +2 robe of Death Resistance {rElec rF- rN+}
   (Okawaru gifted it to you on level 10 of the Dungeon)

   rF:        It makes you vulnerable to fire.
   rElec:     It insulates you from electricity.
   rN:        It protects you from negative energy.
Jewellery
 n - a +6 ring of intelligence (left hand)
 q - an amulet of guardian spirit (around neck)
 u - a ring of ice
Wands
 l - a wand of digging (3)
 o - a wand of iceblast (4)
 z - a wand of polymorph (3)
 C - a wand of flame (17)
Scrolls
 b - 2 scrolls of immolation
 j - 4 scrolls of poison
 k - a scroll of teleportation
 r - 3 scrolls of fear
 t - a scroll of blinking
 w - a scroll of magic mapping
 y - a scroll of amnesia
 A - a scroll of enchant armour
 D - a scroll of fog {unknown}
 E - a scroll of acquirement {unknown}
Potions
 d - 3 potions of curing
 e - 4 potions of flight
 f - 8 potions of heal wounds
 g - 2 potions of mutation
 h - a potion of magic
 i - 2 potions of ambrosia
 m - 2 potions of lignification
 p - a potion of degeneration
 s - a potion of might
 v - a potion of haste


   Skills:
 - Level 2.0 Fighting
 - Level 16.0 Ranged Weapons
 - Level 3.0 Dodging
 - Level 3.0 Stealth
 - Level 2.0 Hexes
 - Level 2.0 Translocations
 * Level 5.0 Invocations


You had 7 spell levels left.
You knew the following spells:

 Your Spells              Type           Power      Damage    Failure   Level
a - Portal Projectile     Hex/Tloc       12%        N/A       30%         3

Your spell library contained the following spells:

 Spells                   Type           Power      Damage    Failure   Level
 Blink                    Tloc           12%        N/A       16%         2
 Lesser Beckoning         Tloc           12%        N/A       16%         2
 Shock                    Conj/Air       0%         1d3       24%         1
 Momentum Strike          Conj/Tloc      6%         3d8       24%         2
 Gell's Gravitas          Tloc           6%         N/A       30%         3
 Teleport Other           Tloc           6%         N/A       30%         3
 Frozen Ramparts          Ice            0%         1d1       56%         3
 Swiftness                Air            0%         N/A       56%         3
 Leda's Liquefaction      Hex/Erth       1%         N/A       83%         4
 Airstrike                Air            0%         2d(0-16)  93%         4
 Ice Form                 Ice/Tmut       0%         N/A       93%         4
 Storm Form               Tmut/Air       0%         N/A       100%        7
 Maxwell's Capacitive Co  Air            0%         ∞         100%        8
 Call Canine Familiar     Summ           Unusable   N/A       N/A         3
 Summon Ice Beast         Ice/Summ       Unusable   N/A       N/A         4
 Summon Lightning Spire   Summ/Air       Unusable   N/A       N/A         4

Dungeon Overview and Level Annotations

Branches:
Dungeon (10/15)            Temple (1/1) D:6             Orc (0/2) D:9
   Lair: D:8-11

Altars:
Ashenzari
Cheibriados
Dithmenos
Elyvilon
Fedhas
Gozag
Hepliaklqana
Kikubaaqudgha
Makhleb
Nemelex Xobeh
Okawaru
Qazlal
Ru
Sif Muna
Trog
Uskayaw
Vehumet
Wu Jian
Xom
Yredelemnul
Zin
The Shining One

Shops:
D:3 [   D:9 ?

Annotations:
D:8 2 transporters, exclusions: ice statue and oklob plant, bairyn's ghost, novice SpRe


Innate Abilities, Weirdness & Mutations

You are very small and have problems with some larger weapons.
You are too small for most types of armour.
You have supernaturally acute eyesight. (SInv)
You cover ground extremely quickly. (Speed+++)


Message History

The killer bee completely misses you.
The killer bee attacks as you move away!
The killer bee misses you.
The killer bee attacks as you move away!
The killer bee stings you. x2
You shoot an arrow. The arrow hits the killer bee!
You kill the killer bee!
Okawaru accepts your kill.
Your Invocations skill increases to level 5!
You have reached level 11!
You start resting.
An acid dragon is nearby!
An acid dragon is nearby!
You shoot an arrow. The acid dragon roars!
The arrow hits the acid dragon but does no damage.
You drain the acid dragon.
The acid dragon is lightly wounded.
You shoot an arrow.
The arrow barely misses the acid dragon.
The killer bee buzzes angrily.
You hear an angry buzzing noise.
You shoot an arrow. The arrow misses the killer bee.
You shoot an arrow. The arrow hits the killer bee!
The killer bee is severely wounded.
You shoot an arrow. The arrow hits the killer bee!
You kill the killer bee!
Okawaru accepts your kill. The acid dragon spits acid at you.
The splash of acid hits you!!
Ouch! That really hurt!
The acid corrodes you!
You hear an angry buzzing noise.
You are too injured to fight recklessly!
You are too injured to fight recklessly!
You are too injured to fight recklessly!
Unknown command.
The acid dragon spits acid at you. The splash of acid hits you!!
Ouch! That really hurt!
You die...

#...........................8
##............######'###.>....
#.............#........###....
#.............#..........#....
#..#####......#..........#....
#..#)..#.y....#..........#....
#..#...#......#..........#####
#..'...#......#..............'
#..'...#.....@####+###########
#..#...#..........D...........
#..#####...#################..
#..........# ### #..........#
#..........# ############


You could see an acid dragon (catching breath, drained) and a killer bee.

Vanquished Creatures
  Erica (D:9)
  A two-headed ogre (D:8)
  A shadow (D:8)
  4 wyverns
  A vampire (D:10)
  10 yaks
  Menkaure (D:7)
  An ice beast (D:6)
  6 orc warriors
  3 black bears
  3 sky beasts
  An ogre (D:7)
  2 centaurs (D:9)
  A phantom (D:6)
  A kobold brigand (D:10)
  Blork the orc (D:4)
  A scorpion (D:4)
  6 bullfrogs
  10 wights
  11 killer bees
  2 electric eels (D:9)
  3 howler monkeys
  8 orc priests
  4 hounds
  A jelly (D:5)
  Jessica (D:2)
  A human skeleton (D:3)
  7 orc wizards
  3 iguanas
  A sleepcap (D:6)
  Robin (D:2)
  4 gnolls (D:5)
  5 adders
  2 white imps (D:6)
  2 ufetubi
  2 dart slugs (D:1)
  29 orcs
  An endoplasm (D:3)
  4 giant cockroaches
  12 hobgoblins
  4 jackals (D:4)
  11 kobolds
  2 quokkas
  4 ball pythons
  3 bats
  3 frilled lizards
  10 goblins
  2 rats (D:1)
198 creatures vanquished.

Vanquished Creatures (others)
  2 orcs
2 creatures vanquished.

Grand Total: 200 creatures vanquished

Notes
Turn   | Place    | Note
-------+----------+-------------------------------------------
     0 | D:1      | Gorgoleon the Spriggan Hunter began the quest for the Orb.
     0 | D:1      | Reached XP level 1. HP: 10/10 MP: 2/2
    80 | D:1      | Reached XP level 2. HP: 14/14 MP: 3/3
   712 | D:2      | Noticed Jessica
   717 | D:2      | Killed Jessica
   718 | D:2      | Reached skill level 5 in Ranged Weapons
   718 | D:2      | Reached XP level 3. HP: 18/18 MP: 4/4
   785 | D:2      | Found a radiant altar of Vehumet.
   842 | D:2      | Noticed Robin
   882 | D:2      | Reached XP level 4. HP: 22/22 MP: 5/5
   883 | D:2      | Killed Robin
  1274 | D:3      | Reached skill level 6 in Ranged Weapons
  1333 | D:3      | Found a faded altar of an unknown god.
  1399 | D:3      | Found a runed translucent door.
  1399 | D:3      | Noticed a human
  1400 | D:3      | Found a basalt altar of Yredelemnul.
  1639 | D:3      | Found Nujopoti's Antique Armour Shop.
  1694 | D:3      | Reached XP level 5. HP: 25/25 MP: 6/6
  1889 | D:4      | Reached skill level 7 in Ranged Weapons
  2123 | D:4      | Reached XP level 6. HP: 30/30 MP: 7/7
  2438 | D:5      | Entered Level 5 of the Dungeon
  2548 | D:5      | Noticed Blork the orc
  2605 | D:5      | Noticed a sky beast
  2643 | D:4      | Killed a sky beast
  2644 | D:4      | Reached skill level 8 in Ranged Weapons
  2791 | D:4      | Killed Blork the orc
  2792 | D:4      | Reached XP level 7. HP: 26/35 MP: 8/8
  2850 | D:5      | Found an opulent altar of Gozag.
  2943 | D:5      | Learned a level 3 spell: Portal Projectile
  3271 | D:5      | Reached skill level 1 in Translocations
  3548 | D:6      | Reached skill level 9 in Ranged Weapons
  3548 | D:6      | Reached skill level 1 in Hexes
  3625 | D:6      | Found a staircase to the Ecumenical Temple.
  3631 | Temple   | Entered the Ecumenical Temple
  3639 | Temple   | Became a worshipper of Warmaster Okawaru
  3985 | D:6      | Found a snail-covered altar of Cheibriados.
  3986 | D:6      | Found a shimmering altar of Xom.
  3989 | D:6      | Found a shadowy altar of Dithmenos.
  4138 | D:6      | Reached XP level 8. HP: 39/39 MP: 9/9
  4262 | D:6      | Reached skill level 10 in Ranged Weapons
  4290 | D:6      | Reached * piety under Okawaru
  4624 | D:6      | Reached skill level 11 in Ranged Weapons
  5360 | D:7      | Noticed Menkaure
  5368 | D:7      | Killed Menkaure
  5369 | D:7      | Reached skill level 1 in Invocations
  5408 | D:7      | Reached ** piety under Okawaru
  5409 | D:7      | Reached XP level 9. HP: 21/42 MP: 10/10
  5715 | D:7      | Reached skill level 12 in Ranged Weapons
  6372 | D:8      | Noticed a deep elf pyromancer
  6374 | D:8      | Noticed bairyn's ghost (novice SpRe)
  6374 | D:8      | Noticed a meliai
  6377 | D:8      | Noticed an oklob plant
  6379 | D:8      | Noticed a cyan ugly thing
  6384 | D:8      | Noticed an ice statue
  6395 | D:8      | Found a transporter.
  6681 | D:8      | Reached skill level 13 in Ranged Weapons
  6681 | D:8      | Reached *** piety under Okawaru
  6691 | D:8      | Found a transporter.
  6718 | D:8      | Noticed a two-headed ogre
  6755 | D:8      | Killed a two-headed ogre
  6756 | D:8      | Reached skill level 14 in Ranged Weapons
  7245 | D:9      | Reached XP level 10. HP: 39/46 MP: 12/12
  7501 | D:8      | Reached **** piety under Okawaru
  8133 | D:9      | Found Wirel's Magic Scroll Boutique.
  8141 | D:9      | Bought a scroll of magic mapping for 82 gold pieces
  8212 | D:9      | Found a staircase to the Orcish Mines.
  8278 | D:9      | Reached skill level 15 in Ranged Weapons
  8495 | D:9      | Noticed Erica
  8529 | D:9      | Killed Erica
  8667 | D:10     | Entered Level 10 of the Dungeon
  8810 | D:10     | Reached ***** piety under Okawaru
  9059 | D:10     | Reached skill level 16 in Ranged Weapons
  9093 | D:10     | Found a flagged portal.
  9145 | D:10     | Identified the +2 robe of Death Resistance {rElec rF- rN+}
                  | (Okawaru gifted it to you on level 10 of the Dungeon)
  9145 | D:10     | Received a gift from Okawaru
  9149 | D:10     | Found a broken altar of Ashenzari.
  9733 | D:10     | Reached skill level 5 in Invocations
  9733 | D:10     | Reached XP level 11. HP: 44/50 MP: 12/15
  9759 | D:10     | Killed from afar by an acid dragon

Illustrated notes

Levels and vault maps discovered:
D:1:      dpeg_arrival_tiny_i, layout_basic, chequers_serial_rivers_micro_e,
          serial_park_tiny_1
D:2:      layout_rooms, basic_altar, uniq_jessica, uniq_robin
D:3:      layout_basic, dk_yredelemnul_ordeal,
          shapermc_ecumenical_altar_mp_vishouse, serial_shops,
          nicolae_shop_pleasant_corner_grove
D:4:      layout_rooms
D:5:      layout_cave_pools, grunt_gozag_breadcrumbs, minivault_25,
          minmay_strange_pillars, uniq_blork_the_orc
D:6:      minmay_recursive_quarters, layout_loops_ring,
          nicolae_overflow_hidden_temple, minmay_temple_entry_gardened_gates
D:7:      layout_loops_ring, uniq_menkaure
D:8:      layout_cave_pods, nzn_ghost_randoct
D:9:      layout_big_octagon, minmay_orc_entry_temple_small, serial_shops,
          nicolae_shop_hallway_stairs, uniq_erica
D:10:     layout_irregular_city, cheibrodos_ashenzari_chains, erik_lair_dragon,
          enter_bailey_6
Temple:   lightli_temple_of_artemis

Skill      XL: |  1  2  3  4  5  6  7  8  9 10 |
---------------+-------------------------------+-----
Ranged Weapons | 5 6 7 8 9 11 14 16 | 16.0
Stealth        | 2 3 |  3.0
Dodging        | 3 |  3.0
Fighting       | 2 |  2.0
Translocations | 2 |  2.0
Hexes          | 2 |  2.0
Invocations    | 1 2 5 |  5.0

Action                     |  1- 3 |  4- 6 |  7- 9 | 10-12 || total
---------------------------+-------+-------+-------+-------++-------
  Melee: Shortbow          |       |     4 |       |       ||     4
   Fire: Shortbow          |    62 |   189 |   348 |   308 ||   907
    Use: Scroll            |       |     7 |     4 |    11 ||    22
         Potion            |       |       |     3 |       ||     3
 Armour: Robe              |     2 |     2 |     6 |     7 ||    17
  Dodge: Dodged            |    10 |    56 |    57 |    64 ||   187
